[ AOE2 MATCH · #505069250 ]
UnrankedMalians vs Muisca
Player's team · WIN
Rival team · LOSS
[ REPLAY ANALYSIS · EXTRACTED FROM THE RECORDED GAME ]
Feudal
11:02
Castle
18:32
Imperial
32:25
| APM avg | 59.5 |
| APM peak | 114 |
| eAPM avg | 29.1 |
| Villagers / military | 151 / 128 |
Focus
⚔️ 28.9% · 🌾 71.1%
Knight ×55 · Gbeto ×44 · Militia ×16 · Monk ×6 · Trebuchet (Packed) ×6 · Scout Cavalry ×1
Feudal
8:51
Castle
20:15
Imperial
34:26
| APM avg | 53.9 |
| APM peak | 91 |
| eAPM avg | 25.6 |
| Villagers / military | 191 / 12 |
Focus
⚔️ 37.0% · 🌾 63.0%
Unknown (2586) ×49 · Unknown (2562) ×39 · Skirmisher ×6 · Archer ×3 · Trebuchet (Packed) ×2 · Monk ×1
Match map
Initial resources + every placement click. Lines = walls · curves = elevation contours. ◆ gold · ⬟ stone · ● berries · ✦ relic · ◌ wall gap
Your base· Open — opponent sealed themselves in
wed890u's base· ✓ Closed at 20:15 · 67t walls · no gate
Smoothed initial terrain · ◌ = detected wall gap · hover for details
Inputs per minute
— EbolasRider - - wed890u
Build order — EbolasRider
First 150 of 561 actions detected
| 0:01 | Create | Villager (Male) |
| 0:01 | Create | Villager (Male) |
| 0:01 | Create | Villager (Male) |
| 0:02 | Build | House |
| 0:03 | Build | House |
| 0:07 | Create | Villager (Male) |
| 1:23 | Create | Villager (Male) |
| 1:59 | Create | Villager (Male) |
| 2:07 | Build | Lumber Camp |
| 2:12 | Create | Villager (Male) |
| 2:44 | Create | Villager (Male) |
| 3:01 | Create | Villager (Male) |
| 3:25 | Build | House |
| 3:32 | Create | Villager (Male) |
| 3:50 | Create | Villager (Male) |
| 4:19 | Build | Barracks |
| 4:35 | Create | Villager (Male) |
| 4:45 | Build | Mill |
| 5:00 | Create | Villager (Male) |
| 5:08 | Build | House |
| 5:20 | Create | Villager (Male) |
| 5:27 | Create | Militia |
| 5:27 | Create | Militia |
| 5:27 | Create | Militia |
| 5:44 | Create | Villager (Male) |
| 6:03 | Create | Militia |
| 6:17 | Create | Villager (Male) |
| 6:24 | Build | House |
| 6:25 | Build | Palisade Wall |
| 6:30 | Create | Militia |
| 6:40 | Create | Villager (Male) |
| 7:02 | Create | Villager (Male) |
| 7:21 | Build | Mill |
| 7:32 | Create | Villager (Male) |
| 7:38 | Build | House |
| 7:39 | Build | Palisade Wall |
| 7:58 | Create | Villager (Male) |
| 8:26 | Research | Loom |
| 8:27 | Build | Farm |
| 8:29 | Build | Farm |
| 8:41 | Build | Farm |
| 8:52 | Research | Feudal Age |
| 9:18 | Build | Farm |
| 9:37 | Build | Mining Camp |
| 10:14 | Create | Villager (Male) |
| 10:45 | Create | Villager (Male) |
| 10:50 | Build | Lumber Camp |
| 11:02 | Age | Feudal Age |
| 11:04 | Build | Palisade Wall |
| 11:06 | Research | Double-Bit Axe |
| 11:09 | Research | Horse Collar |
| 11:10 | Research | Man-at-Arms (upgrade) |
| 11:14 | Create | Villager (Male) |
| 11:24 | Build | Palisade Wall |
| 11:33 | Build | Farm |
| 11:38 | Build | Palisade Wall |
| 11:55 | Build | Palisade Wall |
| 11:59 | Build | Palisade Wall |
| 12:15 | Create | Villager (Male) |
| 12:17 | Build | Farm |
| 12:22 | Build | Farm |
| 12:24 | Create | Villager (Male) |
| 12:38 | Build | Farm |
| 12:48 | Build | Farm |
| 12:49 | Create | Villager (Male) |
| 13:03 | Build | House |
| 13:05 | Build | Farm |
| 13:07 | Create | Villager (Male) |
| 13:22 | Build | Farm |
| 13:28 | Create | Villager (Male) |
| 13:40 | Build | Farm |
| 13:56 | Build | Farm |
| 14:10 | Create | Villager (Male) |
| 14:32 | Create | Villager (Male) |
| 14:40 | Build | Market |
| 15:00 | Create | Villager (Male) |
| 15:05 | Build | House |
| 15:10 | Build | Blacksmith |
| 15:52 | Research | Castle Age |
| 15:52 | Research | Castle Age |
| 16:20 | Research | Gold Mining |
| 16:38 | Build | Stable |
| 17:05 | Research | Scale Barding Armor |
| 17:09 | Build | Farm |
| 17:13 | Build | Farm |
| 17:34 | Build | House |
| 17:39 | Create | Villager (Male) |
| 17:44 | Build | Farm |
| 17:56 | Build | House |
| 18:00 | Build | Palisade Wall |
| 18:05 | Create | Scout Cavalry |
| 18:32 | Age | Castle Age |
| 18:37 | Build | Town Center |
| 18:45 | Create | Villager (Male) |
| 18:47 | Build | Town Center |
| 18:49 | Research | Bow Saw |
| 18:58 | Create | Villager (Male) |
| 19:01 | Create | Knight |
| 19:03 | Create | Knight |
| 19:09 | Create | Villager (Male) |
| 19:21 | Build | Monastery |
| 19:25 | Create | Villager (Male) |
| 19:29 | Build | Farm |
| 19:44 | Create | Villager (Male) |
| 19:50 | Create | Knight |
| 20:02 | Build | House |
| 20:05 | Build | House |
| 20:07 | Build | House |
| 20:09 | Build | House |
| 20:10 | Create | Villager (Male) |
| 20:10 | Build | Farm |
| 20:11 | Create | Monk |
| 20:13 | Create | Villager (Male) |
| 20:23 | Create | Villager (Male) |
| 20:24 | Build | Farm |
| 20:26 | Build | Farm |
| 20:27 | Create | Villager (Male) |
| 20:34 | Create | Villager (Male) |
| 20:41 | Build | Farm |
| 20:45 | Research | Town Watch |
| 20:45 | Create | Monk |
| 20:54 | Create | Villager (Male) |
| 20:57 | Build | Farm |
| 20:58 | Create | Villager (Male) |
| 21:01 | Build | Farm |
| 21:09 | Build | Outpost |
| 21:13 | Create | Villager (Male) |
| 21:25 | Create | Villager (Male) |
| 21:26 | Build | Farm |
| 21:26 | Build | Farm |
| 21:27 | Create | Villager (Male) |
| 21:27 | Create | Villager (Male) |
| 21:31 | Create | Villager (Male) |
| 21:32 | Create | Knight |
| 21:38 | Build | House |
| 21:42 | Build | House |
| 21:46 | Create | Villager (Male) |
| 21:52 | Build | Farm |
| 21:52 | Build | Farm |
| 21:53 | Create | Villager (Male) |
| 21:54 | Create | Villager (Male) |
| 21:55 | Create | Knight |
| 21:59 | Create | Villager (Male) |
| 21:59 | Create | Villager (Male) |
| 22:07 | Research | Wheelbarrow |
| 22:09 | Create | Villager (Male) |
| 22:10 | Create | Monk |
| 22:18 | Build | House |
| 22:21 | Build | Farm |
| 22:24 | Build | Outpost |
Build order — wed890u
First 150 of 508 actions detected
| 0:00 | Create | Villager (Male) |
| 0:01 | Create | Villager (Male) |
| 0:02 | Build | House |
| 0:03 | Build | House |
| 0:14 | Create | Villager (Male) |
| 0:14 | Create | Villager (Male) |
| 1:33 | Create | Villager (Male) |
| 1:33 | Create | Villager (Male) |
| 1:54 | Create | Villager (Male) |
| 1:55 | Create | Villager (Male) |
| 2:05 | Build | Settlement |
| 2:13 | Create | Villager (Male) |
| 2:13 | Create | Villager (Male) |
| 2:43 | Create | Villager (Male) |
| 3:12 | Create | Villager (Male) |
| 3:12 | Create | Villager (Male) |
| 3:26 | Create | Villager (Male) |
| 3:44 | Create | Villager (Male) |
| 3:55 | Build | House |
| 4:24 | Create | Villager (Male) |
| 4:48 | Create | Villager (Male) |
| 4:49 | Create | Villager (Male) |
| 5:12 | Build | Settlement |
| 5:20 | Create | Villager (Male) |
| 5:47 | Create | Villager (Male) |
| 5:47 | Research | Loom |
| 6:40 | Research | Feudal Age |
| 7:30 | Build | Barracks |
| 7:47 | Build | Palisade Wall |
| 7:51 | Build | Palisade Wall |
| 7:52 | Build | Palisade Wall |
| 7:55 | Build | Palisade Wall |
| 7:56 | Build | Palisade Wall |
| 7:59 | Build | Palisade Wall |
| 8:02 | Create | Villager (Male) |
| 8:06 | Build | Palisade Wall |
| 8:10 | Build | Palisade Wall |
| 8:28 | Build | Palisade Wall |
| 8:30 | Create | Villager (Male) |
| 8:49 | Build | Palisade Wall |
| 8:51 | Age | Feudal Age |
| 8:51 | Build | Palisade Wall |
| 8:55 | Build | Palisade Wall |
| 8:57 | Build | Palisade Wall |
| 9:00 | Create | Villager (Male) |
| 9:19 | Create | Villager (Male) |
| 9:24 | Build | Palisade Wall |
| 9:26 | Build | House |
| 9:30 | Create | Villager (Male) |
| 9:42 | Build | Archery Range |
| 9:55 | Research | Double-Bit Axe |
| 10:10 | Create | Villager (Male) |
| 10:18 | Build | House |
| 10:21 | Create | Villager (Male) |
| 10:27 | Research | Horse Collar |
| 10:27 | Research | Horse Collar |
| 10:32 | Create | Skirmisher |
| 10:32 | Create | Skirmisher |
| 10:45 | Build | Palisade Wall |
| 10:48 | Create | Skirmisher |
| 10:48 | Create | Skirmisher |
| 10:49 | Create | Villager (Male) |
| 10:49 | Create | Villager (Male) |
| 11:15 | Build | Palisade Wall |
| 11:16 | Build | Palisade Wall |
| 11:19 | Create | Villager (Male) |
| 11:34 | Build | Palisade Wall |
| 11:36 | Create | Villager (Male) |
| 11:43 | Build | Farm |
| 11:43 | Build | Farm |
| 11:44 | Create | Villager (Male) |
| 11:59 | Build | Farm |
| 12:05 | Build | House |
| 12:15 | Build | House |
| 12:20 | Build | Farm |
| 12:20 | Create | Villager (Male) |
| 12:31 | Build | Farm |
| 12:35 | Create | Skirmisher |
| 12:42 | Create | Villager (Male) |
| 13:00 | Create | Villager (Male) |
| 13:10 | Build | House |
| 13:12 | Build | Palisade Wall |
| 13:14 | Create | Skirmisher |
| 13:19 | Create | Villager (Male) |
| 13:21 | Build | Farm |
| 13:39 | Create | Villager (Male) |
| 13:41 | Build | Farm |
| 14:00 | Build | Farm |
| 14:01 | Build | Farm |
| 14:02 | Create | Villager (Male) |
| 14:16 | Build | Farm |
| 14:22 | Build | House |
| 14:33 | Create | Villager (Male) |
| 14:36 | Build | Farm |
| 14:37 | Build | Farm |
| 14:46 | Create | Villager (Male) |
| 14:57 | Build | Palisade Wall |
| 15:00 | Build | Palisade Wall |
| 15:06 | Build | Blacksmith |
| 15:37 | Create | Villager (Male) |
| 15:52 | Build | Farm |
| 15:56 | Build | Farm |
| 15:59 | Build | Palisade Wall |
| 16:19 | Build | House |
| 16:22 | Build | House |
| 16:27 | Build | House |
| 16:33 | Build | House |
| 16:37 | Create | Villager (Male) |
| 16:53 | Build | Farm |
| 17:03 | Create | Villager (Male) |
| 17:35 | Research | Castle Age |
| 17:35 | Research | Castle Age |
| 17:54 | Create | Archer |
| 18:21 | Build | House |
| 18:33 | Create | Villager (Male) |
| 18:45 | Research | Fletching |
| 18:45 | Research | Fletching |
| 18:46 | Create | Archer |
| 18:48 | Research | Gold Mining |
| 18:49 | Create | Villager (Male) |
| 18:51 | Build | House |
| 19:03 | Create | Archer |
| 19:04 | Create | Villager (Male) |
| 19:15 | Build | Palisade Wall |
| 19:55 | Create | Villager (Male) |
| 20:15 | Build | Palisade Wall |
| 20:15 | Age | Castle Age |
| 20:18 | Create | Villager (Male) |
| 20:29 | Create | Unit 2586 |
| 20:29 | Create | Unit 2586 |
| 20:38 | Research | Squires |
| 20:39 | Research | Scale Mail Armor |
| 20:40 | Create | Villager (Male) |
| 20:45 | Build | Town Center |
| 20:47 | Create | Villager (Male) |
| 20:50 | Build | House |
| 20:58 | Create | Villager (Male) |
| 21:09 | Build | Town Center |
| 21:11 | Create | Villager (Male) |
| 21:15 | Create | Unit 2586 |
| 21:17 | Create | Villager (Male) |
| 21:21 | Build | Farm |
| 21:24 | Create | Villager (Male) |
| 21:29 | Research | Bow Saw |
| 21:30 | Research | Bow Saw |
| 21:32 | Create | Villager (Male) |
| 21:32 | Create | Villager (Male) |
| 21:32 | Create | Villager (Male) |
| 21:47 | Create | Villager (Male) |
| 21:54 | Create | Villager (Male) |
Match timeline
| 4:19 | EbolasRider · first_building Barracks |
| 6:25 | EbolasRider · wall_segment Palisade Wall x1 |
| 7:30 | wed890u · first_building Barracks |
| 7:39 | EbolasRider · wall_segment Palisade Wall x1 |
| 7:47 | wed890u · wall_segment Palisade Wall x1 |
| 7:51 | wed890u · wall_segment Palisade Wall x1 |
| 7:52 | wed890u · wall_segment Palisade Wall x1 |
| 7:55 | wed890u · wall_segment Palisade Wall x1 |
| 7:56 | wed890u · wall_segment Palisade Wall x1 |
| 7:59 | wed890u · wall_segment Palisade Wall x1 |
| 8:06 | wed890u · wall_segment Palisade Wall x1 |
| 8:10 | wed890u · wall_segment Palisade Wall x3 |
| 8:28 | wed890u · wall_segment Palisade Wall x4 |
| 8:49 | wed890u · wall_segment Palisade Wall x1 |
| 8:51 | wed890u · age_up feudal |
| 8:51 | wed890u · wall_segment Palisade Wall x1 |
| 8:55 | wed890u · wall_segment Palisade Wall x1 |
| 8:57 | wed890u · wall_segment Palisade Wall x1 |
| 9:24 | wed890u · wall_segment Palisade Wall x1 |
| 9:42 | wed890u · first_building Archery Range |
| 10:45 | wed890u · wall_segment Palisade Wall x3 |
| 11:02 | EbolasRider · age_up feudal |
| 11:04 | EbolasRider · wall_segment Palisade Wall x5 |
| 11:15 | wed890u · wall_segment Palisade Wall x6 |
| 11:16 | wed890u · wall_segment Palisade Wall x1 |
| 11:24 | EbolasRider · wall_segment Palisade Wall x2 |
| 11:34 | wed890u · wall_segment Palisade Wall x6 |
| 11:38 | EbolasRider · wall_segment Palisade Wall x6 |
| 11:55 | EbolasRider · wall_segment Palisade Wall x4 |
| 11:59 | EbolasRider · wall_segment Palisade Wall x7 |
| 13:12 | wed890u · wall_segment Palisade Wall x3 |
| 14:57 | wed890u · wall_segment Palisade Wall x4 |
| 15:00 | wed890u · wall_segment Palisade Wall x5 |
| 15:59 | wed890u · wall_segment Palisade Wall x7 |
| 16:38 | EbolasRider · first_building Stable |
| 18:00 | EbolasRider · wall_segment Palisade Wall x1 |
| 18:32 | EbolasRider · age_up castle |
| 18:52 | EbolasRider · first_market_buy 100 wood |
| 19:15 | wed890u · wall_segment Palisade Wall x10 |
| 19:21 | EbolasRider · first_building Monastery |
| 20:15 | wed890u · wall_segment Palisade Wall x4 |
| 20:15 | wed890u · age_up castle |
| 22:59 | wed890u · wall_segment Palisade Wall x1 |
| 23:24 | wed890u · first_building Monastery |
| 26:45 | wed890u · first_building Castle |
| 27:54 | EbolasRider · first_building Castle |
| 28:50 | wed890u · first_market_buy 100 wood |
| 29:50 | EbolasRider · wall_segment Stone Wall x7 |
| 29:53 | EbolasRider · wall_segment Stone Wall x4 |
| 29:55 | EbolasRider · wall_segment Stone Wall x4 |
| 32:03 | wed890u · first_market_sell 500 wood |
| 32:25 | EbolasRider · age_up imperial |
| 34:26 | wed890u · age_up imperial |
| 34:59 | wed890u · wall_segment Palisade Wall x1 |
| 35:04 | wed890u · wall_segment Palisade Wall x1 |
| 35:56 | EbolasRider · first_building Siege Workshop |
| 36:13 | EbolasRider · first_market_sell 100 food |
| 42:01 | wed890u · resign |
[ AI ANALYSIS · 1 CREDIT ]
What really happened in this match?
Wolo.gg analyzes every decision: build order, eco, micro, common mistakes by bracket. Personalized analysis on WhatsApp or Discord in 30 seconds.
Civ guide
Malians
Perfil
Jugador #4943664